Workbook

Sheet Data
D2: Welcome to the Grid Game generator! Please type/paste your data into the grid below or leave this area blank to autogenerate a worksheet. When you are ready, click on the Worksheet tab (bottom left). Your boardgame is now ready to print.
B6: Citation
B7: Game name
B8: Phrases (15 max) | C8: Grid references on worksheet | D8: Enter your data here | E8: Grid reference on worksheet | F8: First word | G8: Grid reference on worksheet | H8: Second word/Rest of the phrase | I8: First word: 18 characters max | K8: Rest of the phrase (excl. first word): 44 characters max/Single words: 18 characters max
B9: 1 | C9: =E9 & "/" & G9 -> B8/L10 | E9: B8 | F9: =IF(ISERR(FIND(" ",D9)),"",LEFT(D9,FIND(" ",D9)-1)) | G9: L10 | H9: =IF(D9="","",RIGHT(D9,LEN(D9)-FIND(" ",D9))) | I9: =LEN(F9) -> 0 | J9: =IF(I9=0,"",IF(I9>18,"YOUR FIRST WORD IS TOO LONG","")) | K9: =LEN(H9) -> 0 | L9: =IF(K9=0,"",IF(K9>44,"EXCL. FIRST WORD, YOU MAY HAVE WRITTEN TOO MUCH",""))
B10: 2 | C10: =E10 & "/" & G10 -> B14/H8 | E10: B14 | F10: =IF(ISERR(FIND(" ",D10)),"",LEFT(D10,FIND(" ",D10)-1)) | G10: H8 | H10: =IF(D10="","",RIGHT(D10,LEN(D10)-FIND(" ",D10))) | I10: =LEN(F10) -> 0 | J10: =IF(I10=0,"",IF(I10>18,"YOUR FIRST WORD IS TOO LONG","")) | K10: =LEN(D10) -> 0 | L10: =IF(K10=0,"",IF(K10>44,"EXCL. FIRST WORD, YOU MAY HAVE WRITTEN TOO MUCH",""))
B11: 3 | C11: =E11 & "/" & G11 -> F16/F10 | E11: F16 | F11: =IF(ISERR(FIND(" ",D11)),"",LEFT(D11,FIND(" ",D11)-1)) | G11: F10 | H11: =IF(D11="","",RIGHT(D11,LEN(D11)-FIND(" ",D11))) | I11: =LEN(F11) -> 0 | J11: =IF(I11=0,"",IF(I11>18,"YOUR FIRST WORD IS TOO LONG","")) | K11: =LEN(D11) -> 0 | L11: =IF(K11=0,"",IF(K11>44,"EXCL. FIRST WORD, YOU MAY HAVE WRITTEN TOO MUCH",""))
B12: 4 | C12: =E12 & "/" & G12 -> B10/L16 | E12: B10 | F12: =IF(ISERR(FIND(" ",D12)),"",LEFT(D12,FIND(" ",D12)-1)) | G12: L16 | H12: =IF(D12="","",RIGHT(D12,LEN(D12)-FIND(" ",D12))) | I12: =LEN(F12) -> 0 | J12: =IF(I12=0,"",IF(I12>18,"YOUR FIRST WORD IS TOO LONG","")) | K12: =LEN(D12) -> 0 | L12: =IF(K12=0,"",IF(K12>44,"EXCL. FIRST WORD, YOU MAY HAVE WRITTEN TOO MUCH",""))
B13: 5 | C13: =E13 & "/" & G13 -> H12/D14 | E13: H12 | F13: =IF(ISERR(FIND(" ",D13)),"",LEFT(D13,FIND(" ",D13)-1)) | G13: D14 | H13: =IF(D13="","",RIGHT(D13,LEN(D13)-FIND(" ",D13))) | I13: =LEN(F13) -> 0 | J13: =IF(I13=0,"",IF(I13>18,"YOUR FIRST WORD IS TOO LONG","")) | K13: =LEN(D13) -> 0 | L13: =IF(K13=0,"",IF(K13>44,"EXCL. FIRST WORD, YOU MAY HAVE WRITTEN TOO MUCH",""))
B14: 6 | C14: =E14 & "/" & G14 -> F8/J12 | E14: F8 | F14: =IF(ISERR(FIND(" ",D14)),"",LEFT(D14,FIND(" ",D14)-1)) | G14: J12 | H14: =IF(D14="","",RIGHT(D14,LEN(D14)-FIND(" ",D14))) | I14: =LEN(F14) -> 0 | J14: =IF(I14=0,"",IF(I14>18,"YOUR FIRST WORD IS TOO LONG","")) | K14: =LEN(D14) -> 0 | L14: =IF(K14=0,"",IF(K14>44,"EXCL. FIRST WORD, YOU MAY HAVE WRITTEN TOO MUCH",""))
B15: 7 | C15: =E15 & "/" & G15 -> D12/J8 | E15: D12 | F15: =IF(ISERR(FIND(" ",D15)),"",LEFT(D15,FIND(" ",D15)-1)) | G15: J8 | H15: =IF(D15="","",RIGHT(D15,LEN(D15)-FIND(" ",D15))) | I15: =LEN(F15) -> 0 | J15: =IF(I15=0,"",IF(I15>18,"YOUR FIRST WORD IS TOO LONG","")) | K15: =LEN(D15) -> 0 | L15: =IF(K15=0,"",IF(K15>44,"EXCL. FIRST WORD, YOU MAY HAVE WRITTEN TOO MUCH",""))
B16: 8 | C16: =E16 & "/" & G16 -> H16/D10 | E16: H16 | F16: =IF(ISERR(FIND(" ",D16)),"",LEFT(D16,FIND(" ",D16)-1)) | G16: D10 | H16: =IF(D16="","",RIGHT(D16,LEN(D16)-FIND(" ",D16))) | I16: =LEN(F16) -> 0 | J16: =IF(I16=0,"",IF(I16>18,"YOUR FIRST WORD IS TOO LONG","")) | K16: =LEN(D16) -> 0 | L16: =IF(K16=0,"",IF(K16>44,"EXCL. FIRST WORD, YOU MAY HAVE WRITTEN TOO MUCH",""))
B17: 9 | C17: =E17 & "/" & G17 -> B12/F12 | E17: B12 | F17: =IF(ISERR(FIND(" ",D17)),"",LEFT(D17,FIND(" ",D17)-1)) | G17: F12 | H17: =IF(D17="","",RIGHT(D17,LEN(D17)-FIND(" ",D17))) | I17: =LEN(F17) -> 0 | J17: =IF(I17=0,"",IF(I17>18,"YOUR FIRST WORD IS TOO LONG","")) | K17: =LEN(D17) -> 0 | L17: =IF(K17=0,"",IF(K17>44,"EXCL. FIRST WORD, YOU MAY HAVE WRITTEN TOO MUCH",""))
B18: 10 | C18: =E18 & "/" & G18 -> F14/J10 | E18: F14 | F18: =IF(ISERR(FIND(" ",D18)),"",LEFT(D18,FIND(" ",D18)-1)) | G18: J10 | H18: =IF(D18="","",RIGHT(D18,LEN(D18)-FIND(" ",D18))) | I18: =LEN(F18) -> 0 | J18: =IF(I18=0,"",IF(I18>18,"YOUR FIRST WORD IS TOO LONG","")) | K18: =LEN(D18) -> 0 | L18: =IF(K18=0,"",IF(K18>44,"EXCL. FIRST WORD, YOU MAY HAVE WRITTEN TOO MUCH",""))
B19: 11 | C19: =E19 & "/" & G19 -> H10/J14 | E19: H10 | F19: =IF(ISERR(FIND(" ",D19)),"",LEFT(D19,FIND(" ",D19)-1)) | G19: J14 | H19: =IF(D19="","",RIGHT(D19,LEN(D19)-FIND(" ",D19))) | I19: =LEN(F19) -> 0 | J19: =IF(I19=0,"",IF(I19>18,"YOUR FIRST WORD IS TOO LONG","")) | K19: =LEN(D19) -> 0 | L19: =IF(K19=0,"",IF(K19>44,"EXCL. FIRST WORD, YOU MAY HAVE WRITTEN TOO MUCH",""))
B20: 12 | C20: =E20 & "/" & G20 -> L8/L14 | E20: L8 | F20: =IF(ISERR(FIND(" ",D20)),"",LEFT(D20,FIND(" ",D20)-1)) | G20: L14 | H20: =IF(D20="","",RIGHT(D20,LEN(D20)-FIND(" ",D20))) | I20: =LEN(F20) -> 0 | J20: =IF(I20=0,"",IF(I20>18,"YOUR FIRST WORD IS TOO LONG","")) | K20: =LEN(D20) -> 0 | L20: =IF(K20=0,"",IF(K20>44,"EXCL. FIRST WORD, YOU MAY HAVE WRITTEN TOO MUCH",""))
B21: 13 | C21: =E21 & "/" & G21 -> H14/B16 | E21: H14 | F21: =IF(ISERR(FIND(" ",D21)),"",LEFT(D21,FIND(" ",D21)-1)) | G21: B16 | H21: =IF(D21="","",RIGHT(D21,LEN(D21)-FIND(" ",D21))) | I21: =LEN(F21) -> 0 | J21: =IF(I21=0,"",IF(I21>18,"YOUR FIRST WORD IS TOO LONG","")) | K21: =LEN(D21) -> 0 | L21: =IF(K21=0,"",IF(K21>44,"EXCL. FIRST WORD, YOU MAY HAVE WRITTEN TOO MUCH",""))
... B23: 15 | C23: =E23 & "/" & G23 -> L12/D8 | E23: L12 | F23: =IF(ISERR(FIND(" ",D23)),"",LEFT(D23,FIND(" ",D23)-1)) | G23: D8 | H23: =IF(D23="","",RIGHT(D23,LEN(D23)-FIND(" ",D23))) | I23: =LEN(F23) -> 0 | J23: =IF(I23=0,"",IF(I23>18,"YOUR FIRST WORD IS TOO LONG","")) | K23: =LEN(D23) -> 0 | L23: =IF(K23=0,"",IF(K23>44,"EXCL. FIRST WORD, YOU MAY HAVE WRITTEN TOO MUCH",""))

Sheet Worksheet
E2: =IF(Data!$D$6="","","(Source: " & Data!$D$6 & ")") | I2: Grid Game
I4: =IF(Data!$D$7="","", "(" & Data!$D$7 & ")")
B8: =IF(Data!F9="",'Phrase source'!F2,Data!F9) -> educational | D8: =IF(Data!H23="",'Phrase source'!H16,Data!H23) -> off steam | F8: =IF(Data!F14="",'Phrase source'!F7,Data!F14) -> badly | H8: =IF(Data!H10="",'Phrase source'!H3,Data!H10) -> sister | J8: =IF(Data!H15="",'Phrase source'!H8,Data!H15) -> a resemblance (to sb/sth) | L8: =IF(Data!F20="",'Phrase source'!F13,Data!F20) -> piece
B10: =IF(Data!F12="",'Phrase source'!F5,Data!F12) -> personal | D10: =IF(Data!H16="",'Phrase source'!H9,Data!H16) -> ridiculous | F10: =IF(Data!H11="",'Phrase source'!H4,Data!H11) -> out of bed on the wrong side | H10: =IF(Data!F19="",'Phrase source'!F12,Data!F19) -> fight | J10: =IF(Data!H18="",'Phrase source'!H11,Data!H18) -> life | L10: =IF(Data!H9="",'Phrase source'!H2,Data!H9) -> game
B12: =IF(Data!F17="",'Phrase source'!F10,Data!F17) -> have | D12: =IF(Data!F15="",'Phrase source'!F8,Data!F15) -> bear | F12: =IF(Data!H17="",'Phrase source'!H10,Data!H17) -> an open mind | H12: =IF(Data!F13="",'Phrase source'!F6,Data!F13) -> call | J12: =IF(Data!H14="",'Phrase source'!H7,Data!H14) -> damage | L12: =IF(Data!F23="",'Phrase source'!F16,Data!F23) -> let
B14: =IF(Data!F10="",'Phrase source'!F3,Data!F10) -> big | D14: =IF(Data!H13="",'Phrase source'!H6,Data!H13) -> attention to | F14: =IF(Data!F18="",'Phrase source'!F11,Data!F18) -> private | H14: =IF(Data!F21="",'Phrase source'!F14,Data!F21) -> let | J14: =IF(Data!H19="",'Phrase source'!H12,Data!H19) -> a war | L14: =IF(Data!H20="",'Phrase source'!H13,Data!H20) -> of information
B16: =IF(Data!H21="",'Phrase source'!H14,Data!H21) -> sb off the hook | D16: =IF(Data!F22="",'Phrase source'!F15,Data!F22) -> lose | F16: =IF(Data!F11="",'Phrase source'!F4,Data!F11) -> get | H16: =IF(Data!F16="",'Phrase source'!F9,Data!F16) -> utterly | J16: =IF(Data!H22="",'Phrase source'!H15,Data!H22) -> weight | L16: =IF(Data!H12="",'Phrase source'!H5,Data!H12) -> belongings
B21: " | L21: "
B22: Phrases from the grid | C22: =B8 & " " & L10 -> educational game | E22: =B10 & " " & L16 -> personal belongings | G22: =D12 & " " & J8 -> bear a resemblance (to sb/sth) | I22: =F14 & " " & J10 -> private life | K22: =H14 & " " & B16 -> let sb off the hook
C24: =B14 & " " & H8 -> big sister | E24: =H12 & " " & D14 -> call attention to | G24: =H16 & " " & D10 -> utterly ridiculous | I24: =H10 & " " & J14 -> fight a war | K24: =D16 & " " & J16 -> lose weight
C26: =F16 & " " & F10 -> get out of bed on the wrong side | E26: =F8 & " " & J12 -> badly damage | G26: =B12 & " " & F12 -> have an open mind | I26: =L8 & " " & L14 -> piece of information | K26: =L12 & " " & D8 -> let off steam

Sheet How to use the generator
B2: How to use the generator
B3: 1. If the grid on the Data sheet is left empty, the Worksheet will automatically generate a game using set phrases and collocations from the Phrase source.
B4: 2. Manually entering phrases into the 15 designated cells in column C on the Data sheet will override and stop the generator automatically using the Phrase source to create a new game.
B5: 3. By selecting all (CTRL A) on the Worksheet and then copying (CTRL C) and pasting the values (right mouse button and select 'values' under Paste Options), the Worksheet currently in view will be permanantly set. This will remove all coding and prevent any further changes.

Sheet Rules of the game
B2: The rules of the game
B3: 1. Each player can enter the board with their counter (each player needs at different counter e.g. a coin) at any point onto 1 of the outer rectangular shapes containing a word.
B4: 2. At the start of their go, a player can move one space in any direction to any available rectangular space. As each player can only move one space at a time, dice are not needed.
B5: 3. When a player lands on a rectangular shape, they must guess the phrase/collocation.
B6: 4. The player is then permitted to check the worksheet to see if they were correct. If the phrase/collocation has been guessed correctly, the player writes their initials in both rectangular shapes (the rectangle their counter is placed in and the rectangle with the correct phrase/collocation). The player should now write a sentence using the phrase/collocation. This signals the end of the player’s go and the start of their opponents turn who now repeats the process.
B7: 5. All players are not allowed to enter any rectangular shapes that have initials in them. These spaces have now been used and are therefore out of bounds for the rest of the game.
B8: 6. If a player guesses a collocation with a word that their opponent is currently positioned over, the opponent remains in this position until it is their go. Naturally, the opponent moves from this space but is not permitted to return to this square as it is now out of bounds.
B9: 7. Players can land on the same rectangle at the same time as long as the collocation has not been guessed.
B10: 8. The player who manages to block their opponent from moving is declared the winner.

Sheet Phrase source
A1: Number | B1: Full phrases | C1: Random number | D1: Random phrase | E1: Grid reference on worksheet | F1: First word | G1: Grid reference on worksheet | H1: Second word/Rest of phrase | I1: Deleting or changing any of the data on this worksheet may prevent the generator from working properly.
A2: 1 | B2: absolutely necessary | C2: =RANDBETWEEN(1,1140) -> 255 | D2: =INDEX(B:B,MATCH(C2,A:A,0)) -> educational game | E2: B8 | F2: =IF(ISERR(FIND(" ",D2)),"",LEFT(D2,FIND(" ",D2)-1)) -> educational | G2: L10 | H2: =RIGHT(D2,LEN(D2)-FIND(" ",D2)) -> game
A3: 2 | B3: abuse of power | C3: =RANDBETWEEN(1,1140) -> 93 | D3: =INDEX(B:B,MATCH(C3,A:A,0)) -> big sister | E3: B14 | F3: =IF(ISERR(FIND(" ",D3)),"",LEFT(D3,FIND(" ",D3)-1)) -> big | G3: H8 | H3: =RIGHT(D3,LEN(D3)-FIND(" ",D3)) -> sister
A4: 3 | B4: accept (a) defeat | C4: =RANDBETWEEN(1,1140) -> 355 | D4: =INDEX(B:B,MATCH(C4,A:A,0)) -> get out of bed on the wrong side | E4: F16 | F4: =IF(ISERR(FIND(" ",D4)),"",LEFT(D4,FIND(" ",D4)-1)) -> get | G4: F10 | H4: =RIGHT(D4,LEN(D4)-FIND(" ",D4)) -> out of bed on the wrong side
A5: 4 | B5: accept a challenge | C5: =RANDBETWEEN(1,1140) -> 779 | D5: =INDEX(B:B,MATCH(C5,A:A,0)) -> personal belongings | E5: B10 | F5: =IF(ISERR(FIND(" ",D5)),"",LEFT(D5,FIND(" ",D5)-1)) -> personal | G5: L16 | H5: =RIGHT(D5,LEN(D5)-FIND(" ",D5)) -> belongings
A6: 5 | B6: accept an apology | C6: =RANDBETWEEN(1,1140) -> 130 | D6: =INDEX(B:B,MATCH(C6,A:A,0)) -> call attention to | E6: H12 | F6: =IF(ISERR(FIND(" ",D6)),"",LEFT(D6,FIND(" ",D6)-1)) -> call | G6: D14 | H6: =RIGHT(D6,LEN(D6)-FIND(" ",D6)) -> attention to
A7: 6 | B7: accept an invitation | C7: =RANDBETWEEN(1,1140) -> 54 | D7: =INDEX(B:B,MATCH(C7,A:A,0)) -> badly damage | E7: F8 | F7: =IF(ISERR(FIND(" ",D7)),"",LEFT(D7,FIND(" ",D7)-1)) -> badly | G7: J12 | H7: =RIGHT(D7,LEN(D7)-FIND(" ",D7)) -> damage
A8: 7 | B8: accept responsibility | C8: =RANDBETWEEN(1,1140) -> 81 | D8: =INDEX(B:B,MATCH(C8,A:A,0)) -> bear a resemblance (to sb/sth) | E8: D12 | F8: =IF(ISERR(FIND(" ",D8)),"",LEFT(D8,FIND(" ",D8)-1)) -> bear | G8: J8 | H8: =RIGHT(D8,LEN(D8)-FIND(" ",D8)) -> a resemblance (to sb/sth)
A9: 8 | B9: aches and pains | C9: =RANDBETWEEN(1,1140) -> 1065 | D9: =INDEX(B:B,MATCH(C9,A:A,0)) -> utterly ridiculous | E9: H16 | F9: =IF(ISERR(FIND(" ",D9)),"",LEFT(D9,FIND(" ",D9)-1)) -> utterly | G9: D10 | H9: =RIGHT(D9,LEN(D9)-FIND(" ",D9)) -> ridiculous
A10: 9 | B10: achieve a goal | C10: =RANDBETWEEN(1,1140) -> 446 | D10: =INDEX(B:B,MATCH(C10,A:A,0)) -> have an open mind | E10: B12 | F10: =IF(ISERR(FIND(" ",D10)),"",LEFT(D10,FIND(" ",D10)-1)) -> have | G10: F12 | H10: =RIGHT(D10,LEN(D10)-FIND(" ",D10)) -> an open mind
A11: 10 | B11: act suspiciously | C11: =RANDBETWEEN(1,1140) -> 808 | D11: =INDEX(B:B,MATCH(C11,A:A,0)) -> private life | E11: F14 | F11: =IF(ISERR(FIND(" ",D11)),"",LEFT(D11,FIND(" ",D11)-1)) -> private | G11: J10 | H11: =RIGHT(D11,LEN(D11)-FIND(" ",D11)) -> life
A12: 11 | B12: action movie | C12: =RANDBETWEEN(1,1140) -> 301 | D12: =INDEX(B:B,MATCH(C12,A:A,0)) -> fight a war | E12: H10 | F12: =IF(ISERR(FIND(" ",D12)),"",LEFT(D12,FIND(" ",D12)-1)) -> fight | G12: J14 | H12: =RIGHT(D12,LEN(D12)-FIND(" ",D12)) -> a war
A13: 12 | B13: active ingredient | C13: =RANDBETWEEN(1,1140) -> 786 | D13: =INDEX(B:B,MATCH(C13,A:A,0)) -> piece of information | E13: L8 | F13: =IF(ISERR(FIND(" ",D13)),"",LEFT(D13,FIND(" ",D13)-1)) -> piece | G13: L14 | H13: =RIGHT(D13,LEN(D13)-FIND(" ",D13)) -> of information
... A16: 15 | B16: add insult to injury | C16: =RANDBETWEEN(1,1140) -> 601 | D16: =INDEX(B:B,MATCH(C16,A:A,0)) -> let off steam | E16: L12 | F16: =IF(ISERR(FIND(" ",D16)),"",LEFT(D16,FIND(" ",D16)-1)) -> let | G16: D8 | H16: =RIGHT(D16,LEN(D16)-FIND(" ",D16)) -> off steam
A17: 16 | B17: admit defeat | C17: =RANDBETWEEN(1,1140) -> 520 | D17: =INDEX(B:B,MATCH(C17,A:A,0)) -> job interview | F17: =IF(ISERR(FIND(" ",D17)),"",LEFT(D17,FIND(" ",D17)-1)) -> job | H17: =RIGHT(D17,LEN(D17)-FIND(" ",D17)) -> interview
A18: 17 | B18: against the law | C18: =RANDBETWEEN(1,1140) -> 708 | D18: =INDEX(B:B,MATCH(C18,A:A,0)) -> new generation | F18: =IF(ISERR(FIND(" ",D18)),"",LEFT(D18,FIND(" ",D18)-1)) -> new | H18: =RIGHT(D18,LEN(D18)-FIND(" ",D18)) -> generation
A19: 18 | B19: against your better judgement | C19: =RANDBETWEEN(1,1140) -> 639 | D19: =INDEX(B:B,MATCH(C19,A:A,0)) -> main road | F19: =IF(ISERR(FIND(" ",D19)),"",LEFT(D19,FIND(" ",D19)-1)) -> main | H19: =RIGHT(D19,LEN(D19)-FIND(" ",D19)) -> road
A20: 19 | B20: all alone | C20: =RANDBETWEEN(1,1140) -> 937 | D20: =INDEX(B:B,MATCH(C20,A:A,0)) -> set a standard | F20: =IF(ISERR(FIND(" ",D20)),"",LEFT(D20,FIND(" ",D20)-1)) -> set | H20: =RIGHT(D20,LEN(D20)-FIND(" ",D20)) -> a standard
A21: 20 | B21: all along | C21: =RANDBETWEEN(1,1140) -> 133 | D21: =INDEX(B:B,MATCH(C21,A:A,0)) -> call sb names | F21: =IF(ISERR(FIND(" ",D21)),"",LEFT(D21,FIND(" ",D21)-1)) -> call | H21: =RIGHT(D21,LEN(D21)-FIND(" ",D21)) -> sb names
A22: 21 | B22: all over | C22: =RANDBETWEEN(1,1140) -> 941 | D22: =INDEX(B:B,MATCH(C22,A:A,0)) -> set free | F22: =IF(ISERR(FIND(" ",D22)),"",LEFT(D22,FIND(" ",D22)-1)) -> set | H22: =RIGHT(D22,LEN(D22)-FIND(" ",D22)) -> free
A23: 22 | B23: almost certainly | C23: =RANDBETWEEN(1,1140) -> 1131 | D23: =INDEX(B:B,MATCH(C23,A:A,0)) -> x-ray vision | F23: =IF(ISERR(FIND(" ",D23)),"",LEFT(D23,FIND(" ",D23)-1)) -> x-ray | H23: =RIGHT(D23,LEN(D23)-FIND(" ",D23)) -> vision
A24: 23 | B24: alphabetical order | C24: =RANDBETWEEN(1,1140) -> 839 | D24: =INDEX(B:B,MATCH(C24,A:A,0)) -> radical reform | F24: =IF(ISERR(FIND(" ",D24)),"",LEFT(D24,FIND(" ",D24)-1)) -> radical | H24: =RIGHT(D24,LEN(D24)-FIND(" ",D24)) -> reform
A25: 24 | B25: alternative energy | C25: =RANDBETWEEN(1,1140) -> 661 | D25: =INDEX(B:B,MATCH(C25,A:A,0)) -> make contact | F25: =IF(ISERR(FIND(" ",D25)),"",LEFT(D25,FIND(" ",D25)-1)) -> make | H25: =RIGHT(D25,LEN(D25)-FIND(" ",D25)) -> contact
A26: 25 | B26: alternative medicine | C26: =RANDBETWEEN(1,1140) -> 200 | D26: =INDEX(B:B,MATCH(C26,A:A,0)) -> deadly weapon | F26: =IF(ISERR(FIND(" ",D26)),"",LEFT(D26,FIND(" ",D26)-1)) -> deadly | H26: =RIGHT(D26,LEN(D26)-FIND(" ",D26)) -> weapon
A27: 26 | B27: answer a letter | C27: =RANDBETWEEN(1,1140) -> 298 | D27: =INDEX(B:B,MATCH(C27,A:A,0)) -> feel guilty | F27: =IF(ISERR(FIND(" ",D27)),"",LEFT(D27,FIND(" ",D27)-1)) -> feel | H27: =RIGHT(D27,LEN(D27)-FIND(" ",D27)) -> guilty
A28: 27 | B28: answer a prayer | C28: =RANDBETWEEN(1,1140) -> 887 | D28: =INDEX(B:B,MATCH(C28,A:A,0)) -> root crop | F28: =IF(ISERR(FIND(" ",D28)),"",LEFT(D28,FIND(" ",D28)-1)) -> root | H28: =RIGHT(D28,LEN(D28)-FIND(" ",D28)) -> crop
... A1141: 1140 | B1141: zero visibility | C1141: =RANDBETWEEN(1,1140) -> 1128 | D1141: =INDEX(B:B,MATCH(C1141,A:A,0)) -> would not be caught dead | F1141: =IF(ISERR(FIND(" ",D1141)),"",LEFT(D1141,FIND(" ",D1141)-1)) -> would | H1141: =RIGHT(D1141,LEN(D1141)-FIND(" ",D1141)) -> not be caught dead
